Map: Dusty Gorge

Players

Baseball

  • Race: Zerg Zerg
  • Spawn Location: 3:00

Blitzkrieg

  • Race: Protoss Protoss
  • Spawn Location: 5:00

Isomer - Winner!

  • Race: Terran Terran
  • Spawn Location: 9:00

Adversity - Winner!

  • Race: Terran Terran
  • Spawn Location: 11:00

VOD

Have the link to the VOD?

Description

Time

  • Played on: Sept. 1, 2018, 1:57 p.m.
  • Length: 10:29
Show
View Real Time Build Order
Export as new Build Order

Baseball Zerg 

Build Orders: Pool First, Zergling Baneling 

Get SALT Encoding   

  12  0:01  Drone  
  13  0:14  Overlord  
  13  0:20  Drone  
  14  0:33  Drone x2  
  16  0:36  Drone  
  17  0:48  Extractor  
  16  0:50  Spawning Pool  
  15  1:18  Drone x3  
  18  1:30  Hatchery  
  17  1:42  Queen  
  19  1:55  Baneling Nest, Zergling x2  
  19  1:57  Zergling x2  
  19  2:01  Drone  
  21  2:17  Drone  
  21  2:18  Overlord  
  21  2:22  Metabolic Boost  
  22  2:41  Queen  
  22  2:43  Zergling x4  
  26  2:45  Zergling x2  
  27  2:55  Zergling x2  
  27  2:56  Zergling x4  
  30  2:59  Zergling x2  
  31  3:10  Drone  
  31  3:11  Drone  
  31  3:12  Drone  
  34  3:22  Baneling  
  34  3:23  Baneling x5  
  34  3:24  Baneling  
  34  3:28  Zergling x2  
  34  3:29  Zergling x2  
  36  3:36  Overlord  
  31  3:56  Zergling x2  
  31  3:57  Zergling x10  
  33  4:09  Drone x3  
  36  4:12  Drone  
  37  4:21  Queen  
  39  4:26  Drone  
  39  4:31  Drone  
  41  4:37  Drone  
  41  4:38  Spore Crawler  
  41  4:42  Baneling  
  41  4:43  Baneling x2  
  41  4:45  Drone  
  42  4:48  Drone  
  42  4:49  Drone  
  42  4:50  Overlord  
  44  5:11  Baneling x3, Zergling x2  
  44  5:12  Zergling x14  
  52  5:23  Lair  
  52  5:34  Overlord x2  
  52  5:42  Hatchery  
  38  5:58  Drone x4  
  42  6:05  Zergling x2  
  42  6:06  Zergling x14  
  42  6:07  Baneling  
  42  6:08  Baneling x5  
  50  6:12  Evolution Chamber  
  50  6:15  Drone x2  
  50  6:16  Evolution Chamber  
  50  6:22  Drone  
  50  6:23  Drone  
  52  6:26  Extractor  
  51  6:35  Zergling x6  
  50  6:43  Zergling x2  
  50  6:45  Zergling x2  
  43  6:50  Zergling x2  
  44  6:55  Zergling x2  
  44  6:56  Zergling x10  
  50  7:05  Overlord  
  50  7:12  Overlord  
  50  7:14  Zerg Ground Armor Level 1  
  50  7:19  Overlord x2  
  49  7:25  Zergling x2  
  49  7:26  Zergling x12  
  49  7:29  Baneling x2  
  55  7:30  Baneling x6  
  47  7:53  Queen  
  47  8:02  Drone  
  47  8:03  Drone x5  
  53  8:06  Drone  
  53  8:07  Drone x2  
  53  8:10  Overlord, Queen  
  53  8:11  Overlord  
  60  8:15  Centrifical Hooks  
  60  8:24  Hydralisk Den  
  57  8:33  Zergling x10  
  60  8:54  Zergling x10  
  58  8:57  Baneling x7  
  58  8:58  Zergling x2  
  59  9:08  Zergling x4  
  60  9:15  Zergling x4  
  59  9:20  Hydralisk x2  
  59  9:21  Hydralisk  
  57  9:37  Hydralisk x6  
Show
View Real Time Build Order
Export as new Build Order

Blitzkrieg Protoss 

Build Orders: 1 Gate Expand 

Get SALT Encoding   

  12  0:01  Probe  
  13  0:13  Probe  
  14  0:21  Pylon  
  14  0:25  Probe  
  15  0:37  Probe  
  16  0:44  Gateway  
  16  0:45  Probe  
  17  0:54  Probe  
  17  0:55  Assimilator  
  18  1:06  Probe  
  19  1:21  Probe  
  20  1:29  Nexus  
  20  1:38  Cybernetics Core  
  20  1:41  Probe  
  21  1:54  Probe  
  22  1:59  Pylon  
  22  2:00  Assimilator  
  22  2:07  Stalker  
  22  2:18  Warp Gate  
  24  2:37  Stalker  
  26  2:51  Probe  
  26  2:55  Probe  
  26  2:57  Gateway, Robotics Facility  
  27  2:59  Probe  
  27  3:03  Probe  
  29  3:07  Twilight Council, Probe  
  31  3:12  Probe  
  31  3:19  Probe  
  33  3:25  Probe  
  33  3:26  Charge  
  34  3:31  Probe  
  35  3:37  Probe  
  35  3:40  Pylon  
  36  3:41  Stalker  
  36  3:47  Probe  
  39  3:49  Probe  
  40  3:57  Probe  
  40  3:59  Probe  
  42  4:06  Probe  
  43  4:16  Robotics Bay  
  43  4:21  Probe x2  
  45  4:24  Assimilator  
  45  4:25  Zealot  
  45  4:26  Zealot  
  45  4:28  Assimilator  
  45  4:31  Gateway  
  49  4:34  Shield Battery  
  49  4:35  Probe  
  49  4:37  Observer  
  51  4:47  Zealot  
  53  4:53  Observer  
  53  4:54  Pylon x2  
  53  4:56  Forge  
  54  5:10  Observer  
  54  5:13  Gateway x2  
  54  5:16  Gateway  
  54  5:17  Probe  
  54  5:21  Probe, Protoss Ground Armor Level 1  
  56  5:24  Zealot x2  
  61  5:29  Probe  
  61  5:34  Probe  
  63  5:41  Probe  
  64  5:46  Probe  
  65  5:53  Probe  
  66  5:58  Probe  
  66  5:59  Nexus  
  66  6:01  Pylon  
  66  6:15  Probe  
  67  6:18  Colossus  
  67  6:23  Probe  
  74  6:27  Probe  
  74  6:29  Robotics Facility  
  74  6:32  Pylon  
  74  6:34  Zealot x2, Pylon  
  78  6:50  Probe  
  75  7:02  Probe  
  75  7:04  Probe  
  77  7:13  Colossus  
  83  7:17  Pylon x2  
  83  7:22  Templar Archives, Colossus  
  83  7:27  Pylon  
  89  7:30  Forge  
  89  7:32  Pylon  
  85  7:37  Zealot  
  85  7:38  Zealot x4  
  83  7:51  Probe  
  83  7:56  Probe, Zealot  
  84  7:59  Probe  
  84  8:03  Probe  
  84  8:04  Probe  
  87  8:06  High Templar x2  
  87  8:07  High Templar x3  
  87  8:11  Probe  
  99  8:14  Probe  
  99  8:15  Probe  
  101  8:23  Stalker  
  93  8:42  Stalker x4  
  100  8:53  Stalker x2  
  83  9:04  Probe  
  83  9:07  Pylon  
  83  9:09  Zealot x4, Pylon  
  74  9:17  Probe x2  
  74  9:18  Probe  
  74  9:23  Stalker x2  
  81  9:29  Probe  
  81  9:30  Probe x2  
  66  9:41  Probe  
  66  9:42  Probe  
  66  9:45  Stalker x3  
  62  9:46  Stalker x2  
  38  10:13  Stalker x2  
Show
View Real Time Build Order
Export as new Build Order

Isomer Terran - Winner!

Build Orders:  

Get SALT Encoding   

  12  0:02  SCV  
  13  0:15  SCV  
  13  0:20  Supply Depot  
  14  0:27  SCV  
  15  0:42  SCV  
  16  0:43  Barracks  
  16  0:49  Refinery  
  16  0:54  SCV  
  17  1:06  SCV  
  18  1:18  SCV  
  19  1:30  Supply Depot, Orbital Command  
  19  1:31  Marine  
  20  1:49  Marine  
  21  1:57  SCV  
  21  2:00  Command Center  
  22  2:07  Marine  
  23  2:09  SCV  
  24  2:18  Factory  
  24  2:21  SCV  
  25  2:25  Marine  
  26  2:33  SCV  
  26  2:34  Barracks  
  27  2:46  Bunker  
  27  2:48  Marine  
  28  2:54  Engineering Bay  
  28  2:57  SCV  
  29  3:07  Starport  
  29  3:09  SCV  
  29  3:10  Marine  
  31  3:20  Engineering Bay  
  31  3:23  Barracks Tech Lab  
  31  3:32  Orbital Command  
  31  3:42  Marine, Stimpack  
  31  3:43  Marine  
  32  3:55  Supply Depot  
  30  4:17  Supply Depot, SCV x2  
  30  4:19  Supply Depot  
  32  4:29  Refinery, SCV x2  
  34  4:38  Marine x2  
  35  4:41  SCV x2  
  38  4:46  Widow Mine  
  40  4:53  SCV x2  
  42  5:02  Terran Infantry Weapons Level 1  
  42  5:05  SCV x2  
  44  5:07  Refinery x2  
  44  5:10  Barracks  
  44  5:11  Barracks  
  44  5:17  Marauder, SCV x2  
  44  5:21  Medivac  
  50  5:28  Supply Depot  
  50  5:29  SCV x2  
  50  5:30  Missile Turret  
  52  5:38  Missile Turret  
  52  5:41  SCV x2  
  54  5:44  Terran Infantry Armor Level 1  
  54  5:50  Widow Mine  
  54  5:52  Armory  
  56  6:01  Barracks Reactor x2  
  56  6:03  Marauder  
  58  6:04  Marine  
  58  6:05  SCV  
  58  6:06  SCV  
  58  6:08  Supply Depot  
  61  6:15  Supply Depot  
  61  6:18  SCV  
  62  6:29  Marine, SCV, Marauder  
  62  6:30  SCV  
  67  6:41  SCV  
  67  6:42  SCV  
  67  6:43  Supply Depot x2, Marine x4  
  67  6:44  Combat Shield  
  67  6:45  Factory Reactor  
  67  6:47  Marine  
  74  6:55  Starport Reactor  
  74  7:08  Command Center  
  74  7:15  Supply Depot  
  74  7:16  Supply Depot  
  74  7:18  Marine x3  
  74  7:20  Marine, Marauder  
  80  7:31  Widow Mine x2  
  80  7:32  Barracks Reactor  
  80  7:35  Terran Infantry Weapons Level 2  
  80  7:36  Marine x2  
  86  7:51  Marine x2, Marauder  
  86  7:52  Widow Mine  
  86  7:53  Marine  
  86  7:54  Medivac  
  95  8:04  Command Center  
  95  8:08  Marine  
  95  8:09  Medivac  
  98  8:13  Marauder  
  100  8:20  Marine x2  
  100  8:21  Marine x3  
  100  8:24  Medivac  
  107  8:34  Marauder  
  109  8:46  Marine x4  
  109  8:47  Marine  
  112  8:56  Marauder  
  112  9:03  Marine  
  112  9:04  Marine  
  108  9:12  Orbital Command  
  108  9:14  Widow Mine x2  
  114  9:17  Marauder  
  111  9:35  Marine  
  111  9:36  Marine x5  
  116  9:38  Marauder  
  106  9:46  Medivac x2  
  106  9:48  Widow Mine  
  106  9:49  Orbital Command, Widow Mine  
  114  9:53  Marine  
  114  9:55  Supply Depot  
  114  9:56  Supply Depot  
  114  9:57  Supply Depot x2, Orbital Command  
  117  10:00  Supply Depot, Marauder  
Show
View Real Time Build Order
Export as new Build Order

Adversity Terran - Winner!

Build Orders: Reaper Expand 

Get SALT Encoding   

  12  0:01  SCV  
  13  0:13  SCV  
  14  0:18  Supply Depot  
  14  0:25  SCV  
  15  0:40  SCV  
  15  0:42  Barracks  
  16  0:45  Refinery  
  16  0:52  SCV  
  17  1:04  SCV  
  19  1:18  SCV  
  19  1:32  Reaper, Orbital Command  
  20  1:43  Command Center  
  20  1:54  Supply Depot  
  20  1:58  SCV  
  21  2:05  Barracks Reactor  
  21  2:09  Barracks  
  21  2:10  SCV  
  22  2:17  Barracks  
  22  2:22  SCV  
  22  2:27  Supply Depot  
  23  2:42  Marine x2  
  23  2:44  SCV  
  26  2:47  Bunker  
  25  2:57  Barracks Tech Lab  
  25  3:00  Marine x2  
  25  3:02  Engineering Bay  
  25  3:04  Orbital Command  
  27  3:08  Marine  
  27  3:12  SCV  
  29  3:18  Stimpack  
  30  3:20  Marine x2  
  30  3:24  SCV  
  30  3:27  Marine  
  32  3:28  Marine  
  32  3:34  SCV  
  35  3:36  SCV  
  35  3:37  Refinery  
  35  3:40  Missile Turret  
  36  3:44  Missile Turret  
  36  3:46  SCV  
  37  3:48  SCV  
  37  3:53  Marine x3  
  41  4:00  SCV  
  41  4:03  SCV  
  41  4:06  Factory  
  41  4:08  Marine  
  43  4:12  SCV  
  45  4:18  SCV  
  45  4:20  Marine x3  
  45  4:24  Supply Depot, SCV  
  48  4:25  Terran Infantry Weapons Level 1  
  48  4:30  Marine, SCV  
  51  4:36  SCV  
  52  4:40  Marine  
  52  4:41  Marine  
  52  4:44  Supply Depot  
  52  4:45  Marine, SCV  
  56  4:46  Supply Depot  
  56  4:48  SCV  
  56  4:51  Factory Reactor, Starport  
  57  4:57  SCV  
  58  5:00  SCV  
  58  5:02  Barracks  
  58  5:05  Barracks, Barracks Reactor  
  59  5:09  SCV  
  59  5:12  SCV  
  59  5:13  Refinery  
  61  5:15  Refinery  
  61  5:17  Marine x2  
  61  5:18  Marine  
  64  5:21  Combat Shield  
  64  5:23  SCV  
  64  5:25  SCV  
  66  5:29  Supply Depot  
  66  5:36  SCV  
  66  5:37  SCV  
  66  5:39  Marine x3  
  66  5:42  Medivac x2  
  75  5:45  Supply Depot  
  75  5:46  Factory Tech Lab  
  75  6:00  Marine x4  
  75  6:01  Barracks Reactor x2  
  79  6:05  Supply Depot x2  
  79  6:06  Supply Depot  
  79  6:07  Siege Tank  
  82  6:21  Marine x4  
  82  6:23  Terran Infantry Armor Level 1  
  86  6:27  Marine  
  87  6:38  Supply Depot  
  87  6:39  Supply Depot, Marine x3  
  86  6:46  Medivac x2  
  83  6:50  Marine x4  
  86  6:59  Liberator x2, Marine  
  86  7:00  Marine x4  
  83  7:07  Marine  
  83  7:08  Marine  
  85  7:10  Marine x2  
  85  7:11  Siege Tank  
  90  7:17  Marine x2  
  90  7:19  Marine  
  87  7:47  Siege Tank  
  87  7:48  Marine x2  
  88  7:55  Marine x5  
  88  7:56  Marine  
  91  7:59  Marine  
  91  8:05  Armory  
  92  8:06  Marine  
  92  8:07  Engineering Bay  
  92  8:09  Marine  
  94  8:13  Marine  
  94  8:14  Command Center  
  94  8:18  SCV x2  
  94  8:19  Liberator, Siege Tank  
  100  8:20  Liberator  
  100  8:32  Marine  
  100  8:33  Marine x5  
  106  8:39  SCV x2  
  104  8:56  Marine x3  
  104  8:57  Marine  
  101  9:13  Marine  
  101  9:14  Marine x4  
  94  9:19  Supply Depot  
  94  9:20  Barracks, SCV x2  
  94  9:23  Barracks  
  96  9:24  Barracks  
  96  9:28  Marine x2  
  96  9:30  Orbital Command  
  98  9:37  Marine x2  
  98  9:38  Marine  
  101  9:39  Marine x2  
  103  9:48  Marine x2  
  103  9:52  SCV x2  
  107  9:54  Missile Turret  
  107  9:55  Sensor Tower  
  107  9:56  Missile Turret  
  107  9:57  SCV  
  107  10:04  SCV  
  101  10:11  Barracks Tech Lab  
  101  10:12  Barracks Tech Lab  
Tags
 
Add a new tag
Caveats
  • Supply blocks, unpowered buildings, or Contaminate may cause inaccurate times.
  • Supply counts are checked every 10 seconds.